AoeStats
← Hakimi

Enclosed

505367090Analyzed
1v1 RM · 22d ago on Sep 9, 2026· 36m 22s· 2 players
Game mode
Random Map
Map size
Tiny (2 player)
Population
200
Speed
Normal
Resources
Standard
Victory
Conquest
Starting age
Dark Age
Ending age
Imperial Age
RankedLock teamsTeams togetherTeam positionsShared explorationLock speedFull tech treeHidden civsTurbo modeCheats
Victory
Defeat
🇦🇷 Goths · Argentina
941
+15
🇨🇳 Burgundians · China
920
-15
Hakimi
7:57 Loom
10:23 Feudal Age
10:11 Double-Bit Axe
11:44 Bow Saw
19:36 Castle Age
21:47 Scale Barding Armor
22:14 Forging
25:57 Gold Mining
27:31 Cavalier
28:15 Husbandry
29:01 Stone Mining
29:48 Gold Shaft Mining
30:14 Horse Collar
35:06 Fletching
36:02 Bodkin Arrow
chifi
9:13 Feudal Age
9:19 Man-at-Arms
11:26 Double-Bit Axe
14:25 Scale Mail Armor
17:29 Forging
26:11 Castle Age
26:06 Stone Mining
26:15 Pikeman
26:56 Squires
27:40 Iron Casting
28:51 Fletching
35:16 Chain Mail Armor
Connection lost

Rejoining the realm…

Still unreachable

The connection could not be restored.

Session expired

The server has moved on; the page needs a fresh start.